 Dungeon Crawl Stone Soup version 0.19-a0-1886-gd64a0f0 (webtiles) character file.

122 Naow the Shield-Bearer (level 5, -3/41 HPs)
             Began as a Formicid Fighter on Oct 16, 2016.
             Slain by a river rat (6 damage)
             ... in a sewer.
             The game lasted 00:02:19 (1805 turns).

Naow the Shield-Bearer (Formicid Fighter)           Turns: 1805, Time: 00:02:20

Health: -3/41      AC:  7    Str: 22    XL:     5   Next: 27%
Magic:  5/5        EV:  8    Int:  7    God:
Gold:   143        SH: 10    Dex: 10    Spells: 0 memorised, 4 levels left

rFire  . . .     SeeInvis +     a - +0 war axe
rCold  . . .     Gourm    .     b - +0 scale mail
rNeg   . . .     Faith    .     c - +0 shield
rPois  .         Spirit   .     (helmet unavailable)
rElec  .         Dismiss  .     (no cloak)
rCorr  .         Reflect  .     (no gloves)
MR     .....     Harm     .     (no boots)
Stlth  ..........               (no amulet)
                                (no ring)
                                (no ring)

@: no status effects
A: permanent stasis, dig shafts and tunnels, four strong arms, antennae 3
a: Dig, Shaft Self


You were in a sewer.
You were not hungry.

You visited 1 branch of the dungeon, and saw 3 of its levels.
You also visited: Sewer.

You collected 143 gold pieces.

Inventory:

Hand Weapons
 a - a +0 war axe (weapon)
Armour
 b - a +0 scale mail (worn)
 c - a +0 shield (worn)
Jewellery
 e - a cursed ring of teleportation {unknown}
 l - an uncursed ring of magical power {unknown}
 t - an uncursed ring of stealth {unknown}
Scrolls
 g - a scroll of amnesia {unknown}
 h - a scroll of blinking {unknown}
 i - 4 scrolls of identify {unknown}
 k - a scroll of fear {unknown}
 p - a scroll of magic mapping {unknown}
Potions
 d - 2 potions of might
 j - a potion of invisibility {unknown}
 m - 2 potions of brilliance {unknown}
 o - a potion of curing {unknown}
 q - a potion of magic {unknown}
 r - a potion of berserk rage {unknown}
 s - a potion of mutation {unknown}
Comestibles
 f - 4 bread rations
 n - a meat ration
 u - 4 chunks of flesh


   Skills:
 - Level 3.2 Fighting
 + Level 3.6 Axes
 + Level 4.2 Armour
 + Level 4.7 Shields


You had 4 spell levels left.
You didn't know any spells.

Dungeon Overview and Level Annotations

Branches:
Dungeon (3/15)

Altars:


Innate Abilities, Weirdness & Mutations

You are under a permanent stasis effect.
You can dig through walls and to a lower floor.
Your four strong arms can wield two-handed weapons with a shield.
You have a pair of large antennae on your head. (SInv)


Message History

* * * LOW HITPOINT WARNING * * *
You block the river rat's attack. You block the rat's attack.
You are too injured to fight recklessly!
You are too injured to fight recklessly!
You are too injured to fight recklessly!
You hit the rat.
You kill the rat!
You closely miss the river rat. x2; The river rat closely misses you.
You block the river rat's attack.
You barely miss the river rat. You hit the river rat but do no damage.
The river rat bites you.
* * * LOW HITPOINT WARNING * * *
You block the river rat's attack. You block the rat's attack.
You block the river rat's attack. The river rat bites you.
* * * LOW HITPOINT WARNING * * *
You slash the rat!
You kill the rat!
You hit the river rat. You hit the river rat but do no damage.
The river rat bites you.
You die...

....... ....
.......####......
........##......##≈
.........≈..≈≈.≈≈≈≈≈≈≈
......≈≈..≈≈≈≈≈≈≈≈≈≈≈≈≈#
≈≈≈≈≈≈≈≈≈≈≈≈≈≈≈≈≈≈≈≈≈≈≈≈≈≈#≈
≈≈≈≈≈≈≈≈≈≈≈≈≈≈≈≈≈≈≈≈≈≈≈≈≈≈≈≈#
≈≈≈≈≈≈..≈.≈†rr≈≈≈≈≈≈≈≈≈≈≈≈≈#
≈≈≈≈≈......†@...≈≈≈≈≈≈≈≈≈≈≈##
..≈.≈≈...........≈≈≈≈≈≈≈≈≈≈#.
....................≈≈.≈..≈#)
...........................')
#.........................#)
##.......##...............#.
#...##..#####......###..####
∩..# ##..######...## #### ##
##..∩# #####


You could see 2 river rats.

Vanquished Creatures
  2 adders
  2 river rats (Sewer)
  2 oozes (D:2)
  4 worms
  6 leopard geckos
  3 giant cockroaches
  2 goblins
  6 hobgoblins
  4 jackals (D:1)
  3 ball pythons
  5 bats (D:1)
  4 frilled lizards
  7 kobolds
  14 rats
64 creatures vanquished.

Vanquished Creatures (others)
  A leopard gecko (D:3)
  A bat (D:3)
2 creatures vanquished.

Grand Total: 66 creatures vanquished

Notes
Turn   | Place    | Note
-------+----------+-------------------------------------------
     0 | D:1      | Naow the Formicid Fighter began the quest for the Orb.
     0 | D:1      | Reached XP level 1. HP: 18/18 MP: 1/1
    35 | D:1      | Reached XP level 2. HP: 9/24 MP: 2/2
   361 | D:1      | Reached XP level 3. HP: 29/29 MP: 3/3
  1136 | D:2      | Reached XP level 4. HP: 35/35 MP: 4/4
  1710 | D:3      | Found a glowing drain.
  1725 | Sewer    | Entered a sewer
  1793 | Sewer    | Reached XP level 5. HP: 39/41 MP: 5/5
  1805 | Sewer    | Slain by a river rat

Vault maps used:
D:1:      dpeg_arrival_rooms_with_view, kennysheep_decorative_pillar
D:2:      first_bread
D:3:      old_standard_altar, gup_sewer_entry_bubbles, lemuel_old_faithful
Sewer:    sewer_minmay_treatment

Skill      XL: |  1  2  3  4 |
---------------+-------------+-----
Shields        | 4 |  4.7
Axes           | 3 |  3.6
Armour         | 4 |  4.2
Fighting       | |  3.2

Action                   |  1- 3 |  4- 6 || total
-------------------------+-------+-------++-------
Melee: War axe           |    80 |    85 ||   165
  Eat: Chunk             |     1 |     2 ||     3
Armor: Scale mail        |    43 |    34 ||    77
Dodge: Dodged            |    24 |    21 ||    45
Block: Shield            |    35 |    49 ||    84
